 Dungeon Crawl Stone Soup version 0.18.1-50-g88ac8fd (webtiles) character file.

180 yungnami the Ducker (level 5, -1/53 HPs)
             Began as a Troll Berserker on Oct 4, 2016.
             Was a Priest of Trog.
             Slain by an orc warrior
             ... wielding a +0 dire flail
              (14 damage)
             ... on level 4 of the Dungeon.
             The game lasted 00:10:44 (1366 turns).

yungnami the Ducker (Troll Berserker)               Turns: 1366, Time: 00:10:44

Health: -1/53      AC:  6    Str: 26    XL:     5   Next: 33%
Magic:  4/4        EV: 10    Int:  3    God:    Trog [***...]
Gold:   101        SH:  0    Dex:  9    Spells: 0 memorised, 4 levels left

rFire  . . .     SeeInvis .     f - +0 falchion (holy)
rCold  . . .     Gourm    +     a - +1 animal skin
rNeg   . . .     Faith    .     (no shield)
rPois  .         Spirit   .     (helmet restricted)
rElec  .         Dismiss  .     (no cloak)
rCorr  .         Reflect  .     (gloves unavailable)
SustAt .         Harm     .     (boots unavailable)
MR     .....                    (no amulet)
Stlth  +.........               (no ring)
                                (no ring)

@: not resistant to hostile enchantments, very unstealthy
A: unfitting armour, claws 3, fast metabolism 3, gourmand, regeneration 2,
shaggy fur 1, tough skin 2
a: Berserk, Trog's Hand, Burn Spellbooks, Renounce Religion


You were on level 4 of the Dungeon.
You worshipped Trog.
Trog was most pleased with you.
You were very full.

You visited 1 branch of the dungeon, and saw 4 of its levels.

You collected 101 gold pieces.

Inventory:

Hand Weapons
 f - a +0 falchion of holy wrath (weapon)
Missiles
 d - 64 stones (quivered)
 g - 4 large rocks
Armour
 a - a +1 animal skin (worn)
Scrolls
 i - a scroll of identify
 j - a scroll of enchant weapon {unknown}
 k - a scroll of immolation {unknown}
Potions
 c - a potion of heal wounds {unknown}
 e - a potion of ambrosia
 h - a potion of cure mutation {unknown}
Comestibles
 b - 2 bread rations
 l - a slice of pizza


   Skills:
 + Level 3.2 Fighting
 + Level 4.1 Dodging
 + Level 0.2 Stealth
 + Level 3.7 Unarmed Combat


You had 4 spell levels left.
You didn't know any spells.

Dungeon Overview and Level Annotations

Branches:
Dungeon (4/15)
 Temple: D:4-7

Altars:
Okawaru


Innate Abilities, Weirdness & Mutations

You are too large for most types of armour.
You have claws for hands.
Your metabolism is lightning-fast.
You like to eat raw meat.
You heal very quickly.
You are covered in fur (AC +1).
You have very tough skin (AC +2).


Message History

You are too injured to fight recklessly!
You are too injured to fight recklessly!
You are too injured to fight recklessly!
You are too injured to fight recklessly!
You are too injured to fight recklessly!
You are too injured to fight recklessly!
You are too injured to fight recklessly!
You are too injured to fight recklessly!
You are too injured to fight recklessly!
You are too injured to fight recklessly!
You are too injured to fight recklessly!
You are too injured to fight recklessly!
You are too injured to fight recklessly!
You are too injured to fight recklessly!
You are too injured to fight recklessly!
You are too injured to fight recklessly!
You barely miss the orc. The orc hits you with a club.
* * * LOW HITPOINT WARNING * * *
The orc warrior hits you with a dire flail!
You die...

####### #.....#
##########.###.#########
...............)@o......
##########.#####o##.....
#... .Z# ... #####.o#. .
#.. .# #.. .# ... .#
.... ..


You could see an orc warrior, an orc wizard, an orc and a giant frog skeleton.

Vanquished Creatures
  A worker ant (D:4)
  A hound skeleton (D:4)
  2 gnolls (D:2)
  5 adders
  An ooze (D:3)
  2 worms
  2 dart slugs
  3 giant geckos
  7 orcs
  A ball python (D:2)
  2 bats
  A giant cockroach (D:2)
  8 goblins
  3 hobgoblins
  4 jackals (D:2)
  4 quokkas
  A giant gecko skeleton (D:4)
  7 kobolds
  3 rats
58 creatures vanquished.

Notes
Turn   | Place    | Note
--------------------------------------------------------------
     0 | D:1      | yungnami the Troll Berserker began the quest for the Orb.
     0 | D:1      | Reached XP level 1. HP: 22/22 MP: 0/0
   140 | D:1      | Reached XP level 2. HP: 28/29 MP: 1/1
   336 | D:2      | Reached XP level 3. HP: 35/36 MP: 2/2
   362 | D:2      | Reached ** piety under Trog
   371 | D:2      | Reached skill level 3 in Dodging
   578 | D:2      | Reached XP level 4. HP: 44/45 MP: 3/3
   666 | D:2      | Found an iron altar of Okawaru.
  1053 | D:3      | Reached XP level 5. HP: 45/53 MP: 4/4
  1060 | D:3      | Reached *** piety under Trog
  1295 | D:4      | Reached skill level 4 in Dodging
  1355 | D:4      | Noticed an orc warrior
  1366 | D:4      | Slain by an orc warrior

Skill      XL: |  1  2  3  4  5 |
---------------+----------------+-----
Dodging        | 3 4 |  4.1
Fighting       | 3 |  3.2
Stealth        | |  0.2
Unarmed Combat | |  3.7

Action                   |  1- 3 |  4- 6 || total
-------------------------+-------+-------++-------
Melee: Unarmed           |    97 |    31 ||   128
       Falchion          |       |    91 ||    91
       Punch             |       |     2 ||     2
Invok: Berserk           |     1 |       ||     1
  Use: Scroll            |     2 |     3 ||     5
 Stab: Sleeping          |     1 |       ||     1
  Eat: Chunk             |     5 |    13 ||    18
Armor: Animal skin       |    38 |    67 ||   105
Dodge: Dodged            |    51 |    89 ||   140
